[Event "42nd Olympiad Baku 2016 Women"]
[Site "Baku"]
[Date "2016.09.04"]
[Round "3.17"]
[White "Lujan, Carolina"]
[Black "Zimina, Olga"]
[Result "0-1"]
[ECO "C50"]
[WhiteElo "2378"]
[BlackElo "2389"]
[Annotator ""]
[PlyCount "152"]
[EventDate "2016.??.??"]
[EventCountry "AZE"]
[SourceTitle "playchess.com"]
[Source "ChessBase"]
[WhiteTeam "Argentina"]
[BlackTeam "Italy"]
[WhiteTeamCountry "ARG"]
[BlackTeamCountry "ITA"]
[TimeControl "40/5400+30:1800+30"]

1. e4 {(00:00)} e5 {(00:00)} 2. Nf3 {(00:09)} Nc6 {
(00:00)} 3. Bc4 {(01:09)} Bc5 {(00:00)} 4. d3 {(01:
54)} Nf6 {(01:20)} 5. O-O {(01:38)} O-O {(00:06)} 6. Nbd2
{(02:06)} d6 {(04:59)} 7. c3 {(02:48)} Na5 {(04:39]
} 8. Bb5 {(07:12)} a6 {(02:01)} 9. Ba4 {(00:15)} b5 {
(00:20)} 10. Bc2 {(00:11)} Bb6 {(02:21)} 11. Re1 {(
09:28)} c5 {(09:09)} 12. Nf1 {(02:00)} h6 {(01:18)} 13.
Ng3 {(01:56)} Re8 {(00:26)} 14. h3 {(10:31)} Nc6 {(
02:36)} 15. Nh4 {(09:31)} Kh7 {(31:08)} 16. Nhf5 {(07:02)}
Ne7 {(02:01)} 17. Qf3 {(07:02)} Neg8 {(06:00)} 18. Bd2 {
(06:45)} Be6 {(00:57)} 19. d4 {(03:35)} cxd4 {(00:
34)} 20. cxd4 {(10:26)} Bxf5 {(11:11)} 21. Nxf5 {(01:05)}
g6 {(01:42)} 22. dxe5 {(04:37)} dxe5 {(00:21)} 23. Rad1 {
(00:19)} gxf5 {(02:53)} 24. Qxf5+ {(00:16)} Kh8 {(
00:54)} 25. Bxh6 {(04:19)} Nxh6 {(01:43)} 26. Qg5 {(00:05]
} Bd4 {(00:42)} 27. Qxh6+ {(05:14)} Nh7 {(00:16)} 28. Bb3
{(00:37)} Qg5 {(01:07)} 29. Qxg5 {(01:20)} Nxg5 {(
00:07)} 30. Kf1 {(00:16)} Bxb2 {(08:27)} 31. h4 {(01:05)}
Ne6 {(00:10)} 32. Rd7 {(00:09)} Nc5 {(03:05)} 33. Rxf7 {
(00:04)} Nxb3 {(00:03)} 34. axb3 {(00:06)} Rf8 {(
00:05)} 35. Rb7 {(01:07)} Bd4 {(00:07)} 36. Re2 {(01:00)}
Rac8 {(01:24)} 37. g3 {(00:26)} Rc3 {(00:18)} 38. Kg2 {
(00:40)} Rxb3 {(02:21)} 39. Ra2 {(00:07)} Rf6 {(00:
12)} 40. g4 {(00:00)} Rf4 {(00:00)} 41. Rb8+ {(01:57)} Kg7
{(04:06)} 42. Rb7+ {(00:10)} Kf8 {(05:41)} 43. Rb8+ {
(00:44)} Ke7 {(00:09)} 44. Rb7+ {(02:04)} Ke8 {(00:
20)} 45. Rb8+ {(00:25)} Kd7 {(01:15)} 46. Rg8 {(00:11)}
Rbf3 {(15:29)} 47. h5 {(05:45)} Rxf2+ {(04:37)} 48. Rxf2 {
(00:04)} Rxf2+ {(00:03)} 49. Kg3 {(00:18)} Rf1 {(
00:19)} 50. Kg2 {(01:13)} Rf7 {(01:56)} 51. h6 {(03:18)}
Ke7 {(00:50)} 52. g5 {(00:30)} Rh7 {(00:26)} 53. Ra8 {
(01:05)} b4 {(01:54)} 54. Rxa6 {(04:08)} b3 {(00:
47)} 55. g6 {(00:12)} Rxh6 {(00:31)} 56. g7 {(00:01)} Rxa6
{(00:09)} 57. g8=Q {(00:04)} b2 {(00:20)} 58. Qg7+ {
(02:20)} Kd8 {(00:12)} 59. Qf8+ {(00:26)} Kc7 {(00:
24)} 60. Qf7+ {(02:52)} Kb6 {(01:04)} 61. Qf8 {(06:35)}
Ka5 {(01:24)} 62. Qa3+ {(03:03)} Kb5 {(00:01)} 63. Qd3+ {
(00:12)} Kb6 {(00:07)} 64. Qb3+ {(02:33)} Kc5 {(00:
09)} 65. Kf3 {(00:44)} Rb6 {(01:49)} 66. Qd5+ {(01:55)}
Kb4 {(00:05)} 67. Qa2 {(00:03)} Kc3 {(00:36)} 68. Qb1 {
(00:53)} Rf6+ {(00:09)} 69. Kg3 {(01:37)} Rg6+ {(
00:08)} 70. Kh2 {(00:34)} Rg1 {(00:17)} 71. Qa2 {(00:14)}
b1=Q {(00:17)} 72. Qa3+ {(00:09)} Kc4 {(01:51)} 73. Qa4+ {
(00:11)} Qb4 {(00:44)} 74. Qc6+ {(01:24)} Kb3 {(00:
38)} 75. Qe6+ {(00:26)} Kb2 {(00:12)} 76. Qh6 {(00:09)}
Rd1 {(00:21)} 0-1

[Event "42nd Olympiad Baku 2016 Women"]
[Site "Baku"]
[Date "2016.09.04"]
[Round "3.31"]
[White "Machlik, Edit"]
[Black "Durno, Joy"]
[Result "1-0"]
[ECO "A66"]
[WhiteElo "2056"]
[BlackElo "1894"]
[Annotator ""]
[PlyCount "45"]
[EventDate "2016.??.??"]
[EventCountry "AZE"]
[SourceTitle "playchess.com"]
[Source "ChessBase"]
[WhiteTeam "Norway"]
[BlackTeam "Scotland"]
[WhiteTeamCountry "NOR"]
[BlackTeamCountry "SCO"]
[TimeControl "40/5400+30:1800+30"]

1. d4 {(00:00)} Nf6 {(00:00)} 2. c4 {(00:00)} c5 {(
00:00)} 3. d5 {(00:00)} e6 {(00:00)} 4. Nc3 {(00:00)} exd5
{(00:00)} 5. cxd5 {(00:00)} d6 {(00:00)} 6. e4 {(
00:02)} g6 {(00:02)} 7. f4 {(00:06)} Bg7 {(00:06)} 8. e5 {
(00:35)} dxe5 {(14:11)} 9. fxe5 {(00:09)} Nfd7 {(
00:20)} 10. e6 {(01:15)} fxe6 {(06:50)} 11. dxe6 {(00:19)}
Qe7 {(00:54)} 12. Nd5 {(01:18)} Qxe6+ {(09:54)} 13. Qe2 {
(01:34)} Qxe2+ {(00:18)} 14. Bxe2 {(00:10)} Be5 {(
00:31)} 15. Nf3 {(01:17)} Bd6 {(00:23)} 16. Bh6 {(15:03)}
Nc6 {(03:26)} 17. O-O-O {(04:40)} Nde5 {(32:53)} 18. Bg7 {
(10:03)} Rf8 {(00:30)} 19. Rhe1 {(13:28)} Kf7 {(06:
09)} 20. Bxe5 {(12:21)} Nxe5 {(02:38)} 21. Nxe5+ {(00:26)}
Bxe5 {(02:06)} 22. Bc4 {(00:12)} Bxh2 {(01:50)} 23. Re7+ {
(00:54)} 1-0

[Event "42nd Olympiad Baku 2016 Women"]
[Site "Baku"]
[Date "2016.09.04"]
[Round "3.4"]
[White "Mahmutbegovic, Nadina"]
[Black "Al-Fayyadh, Zainab Asif Abdulah"]
[Result "1-0"]
[ECO "C54"]
[WhiteElo "1908"]
[BlackElo "1703"]
[Annotator ""]
[PlyCount "43"]
[EventDate "2016.??.??"]
[EventCountry "AZE"]
[SourceTitle "playchess.com"]
[Source "ChessBase"]
[WhiteTeam "Bosnia  Herzegovina"]
[BlackTeam "Iraq"]
[WhiteTeamCountry "BIH"]
[BlackTeamCountry "IRQ"]
[TimeControl "40/5400+30:1800+30"]

1. e4 {(00:00)} e5 {(00:00)} 2. Nf3 {(00:00)} Nc6 {
(00:00)} 3. Bc4 {(00:00)} Bc5 {(00:00)} 4. c3 {(00:
08)} Nf6 {(00:01)} 5. d3 {(00:08)} d6 {(00:40)} 6. O-O {
(00:17)} a6 {(01:42)} 7. Bb3 {(00:24)} Ba7 {(00:24]
} 8. Be3 {(06:44)} Bg4 {(02:31)} 9. h3 {(02:13)} Bh5 {
(05:32)} 10. Nbd2 {(00:12)} h6 {(00:56)} 11. Re1 {(
01:36)} Qd7 {(03:49)} 12. Ba4 {(08:08)} b5 {(03:13)} 13.
Bc2 {(00:08)} O-O {(01:10)} 14. Nf1 {(00:39)} Ne7 {
(09:57)} 15. Ng3 {(00:56)} Bg6 {(01:40)} 16. Nh4 {(
05:42)} c5 {(07:24)} 17. f4 {(14:45)} exf4 {(04:08)} 18.
Bxf4 {(00:13)} Bh7 {(04:23)} 19. Qf3 {(15:26)} g5 {
(03:10)} 20. Bxg5 {(00:16)} hxg5 {(00:16)} 21. Qxf6 {
(00:05)} gxh4 {(00:51)} 22. Nh5 {(00:08)} 1-0

[Event "42nd Olympiad Baku 2016 Women"]
[Site "Baku"]
[Date "2016.09.04"]
[Round "3.23"]
[White "Maisuradze, Nino"]
[Black "Chirivi C, Jenny Astrid"]
[Result "1-0"]
[ECO "D00"]
[WhiteElo "2256"]
[BlackElo "2209"]
[Annotator ""]
[PlyCount "83"]
[EventDate "2016.??.??"]
[EventCountry "AZE"]
[SourceTitle "playchess.com"]
[Source "ChessBase"]
[WhiteTeam "France"]
[BlackTeam "Colombia"]
[WhiteTeamCountry "FRA"]
[BlackTeamCountry "COL"]
[TimeControl "40/5400+30:1800+30"]

1. d4 {(00:00)} d5 {(00:00)} 2. Bf4 {(00:00)} Nf6 {
(00:08)} 3. e3 {(00:00)} c5 {(00:45)} 4. c3 {(00:
00)} Nc6 {(00:21)} 5. Nd2 {(06:08)} Bf5 {(05:55)} 6. Ngf3
{(00:31)} e6 {(01:37)} 7. Be2 {(05:55)} h6 {(03:55]
} 8. Ne5 {(01:23)} Nxe5 {(21:40)} 9. dxe5 {(04:06)} Nd7 {
(00:24)} 10. O-O {(15:29)} Be7 {(13:18)} 11. Re1 {(
08:14)} O-O {(02:24)} 12. Bf3 {(07:06)} Nb6 {(10:04)} 13.
a4 {(02:22)} a5 {(03:32)} 14. Qe2 {(06:25)} Bg6 {(
06:03)} 15. b3 {(08:28)} f6 {(06:15)} 16. Rad1 {(05:56)}
fxe5 {(02:34)} 17. Bxe5 {(00:22)} Nd7 {(01:33)} 18. Bg3 {
(00:26)} Qb6 {(05:40)} 19. e4 {(11:42)} d4 {(00:25]
} 20. Qc4 {(02:51)} Bf7 {(03:44)} 21. e5 {(00:30)} Rfd8 {
(05:05)} 22. Ne4 {(01:09)} Nf8 {(00:36)} 23. cxd4 {
(04:50)} cxd4 {(00:21)} 24. Nd6 {(00:27)} Bxd6 {(
00:56)} 25. exd6 {(00:02)} Rac8 {(00:58)} 26. Qxd4 {(00:
25)} Qxb3 {(02:24)} 27. Rb1 {(00:19)} Qc4 {(00:54)} 28.
Red1 {(02:26)} Qxd4 {(00:35)} 29. Rxd4 {(00:01)} e5 {
(00:47)} 30. Bxe5 {(00:35)} Rc5 {(00:22)} 31. Bg3 {
(00:53)} Ne6 {(01:18)} 32. Rdd1 {(01:11)} Ng5 {(00:
40)} 33. Bxb7 {(00:38)} Be8 {(00:34)} 34. h4 {(03:03)} Nh7
{(00:37)} 35. Rd4 {(00:28)} Nf6 {(00:20)} 36. Ba6 {
(01:28)} Bc6 {(00:29)} 37. Bb5 {(00:36)} Be4 {(00:
24)} 38. Re1 {(00:17)} Bf5 {(00:43)} 39. d7 {(00:51)} Kh7
{(00:31)} 40. Bd6 {(00:00)} Rc2 {(00:00)} 41. Be7 {
(02:40)} Rxd7 {(08:53)} 42. Bxd7 {(00:59)} 1-0

[Event "42nd Olympiad Baku 2016 Women"]
[Site "Baku"]
[Date "2016.09.04"]
[Round "3.5"]
[White "Mamedjarova, Turkan"]
[Black "Paehtz, Elisabeth"]
[Result "1/2-1/2"]
[ECO "B22"]
[WhiteElo "2304"]
[BlackElo "2474"]
[Annotator ""]
[PlyCount "103"]
[EventDate "2016.??.??"]
[EventCountry "AZE"]
[SourceTitle "playchess.com"]
[Source "ChessBase"]
[WhiteTeam "Azerbaijan"]
[BlackTeam "Germany"]
[WhiteTeamCountry "AZE"]
[BlackTeamCountry "GER"]
[TimeControl "40/5400+30:1800+30"]

1. e4 {(00:07)} c5 {(00:00)} 2. c3 {(00:53)} Nf6 {(
00:00)} 3. e5 {(00:14)} Nd5 {(00:00)} 4. Nf3 {(01:09)} Nc6
{(00:00)} 5. d4 {(00:23)} cxd4 {(00:03)} 6. cxd4 {(
00:04)} d6 {(00:15)} 7. Bc4 {(00:27)} dxe5 {(00:04)} 8.
dxe5 {(01:47)} Ndb4 {(00:06)} 9. Qxd8+ {(02:27)} Nxd8 {
(00:06)} 10. Na3 {(01:30)} Be6 {(03:53)} 11. Bxe6 {
(26:58)} Nxe6 {(00:06)} 12. Ke2 {(00:07)} g6 {(09:
56)} 13. Rd1 {(03:38)} Bg7 {(00:58)} 14. Bd2 {(04:34)} Nc6
{(02:08)} 15. Bc3 {(00:40)} Rc8 {(06:45)} 16. g3 {(
04:21)} g5 {(07:22)} 17. Rd5 {(05:03)} a6 {(09:42)} 18.
Nc4 {(08:28)} g4 {(21:10)} 19. Nh4 {(07:38)} Ncd4+ {
(21:20)} 20. Bxd4 {(06:00)} Rxc4 {(00:05)} 21. Bc3 {
(02:48)} Nc7 {(03:28)} 22. Rd3 {(09:14)} e6 {(05:
49)} 23. Ng2 {(07:18)} Nd5 {(04:09)} 24. Ne3 {(02:09)} Re4
{(01:05)} 25. Rd4 {(01:57)} Nxc3+ {(01:56)} 26. bxc3 {
(00:04)} Rxe5 {(00:04)} 27. Rxg4 {(00:22)} O-O {(
01:36)} 28. Rb1 {(00:30)} b5 {(00:15)} 29. a4 {(00:55)}
Rc8 {(00:39)} 30. axb5 {(01:30)} Rxb5 {(01:17)} 31. Rxb5 {
(00:19)} axb5 {(00:05)} 32. Rb4 {(00:17)} Rxc3 {(
00:22)} 33. Rxb5 {(00:32)} Bd4 {(00:26)} 34. h4 {(00:31)}
Bxe3 {(00:29)} 35. fxe3 {(00:04)} h6 {(00:24)} 36. Kf3 {
(00:13)} Kg7 {(00:08)} 37. Ra5 {(00:09)} Kg6 {(00:
56)} 38. Rb5 {(01:26)} Rc4 {(00:25)} 39. Ra5 {(00:23)} h5
{(01:21)} 40. Rg5+ {(00:00)} Kh6 {(00:00)} 41. Re5 {
(00:34)} Rc6 {(04:19)} 42. Ra5 {(04:08)} f6 {(00:
22)} 43. Rb5 {(01:55)} Kg6 {(00:06)} 44. Ra5 {(02:31)} Rc3
{(00:42)} 45. Ra8 {(00:26)} e5 {(00:40)} 46. Rh8 {(
03:02)} Ra3 {(00:58)} 47. Ke4 {(00:39)} Ra4+ {(01:21)} 48.
Kf3 {(00:04)} Rb4 {(00:39)} 49. e4 {(03:48)} Rb3+ {
(00:37)} 50. Kf2 {(00:03)} Rd3 {(00:30)} 51. Re8 {(
01:43)} Ra3 {(01:23)} 52. Re7 {(00:42)} 1/2-1/2

[Event "42nd Olympiad Baku 2016 Women"]
[Site "Baku"]
[Date "2016.09.04"]
[Round "3.14"]
[White "Mammadzada, Gunay"]
[Black "Zawadzka, Jolanta"]
[Result "1-0"]
[ECO "B56"]
[WhiteElo "2361"]
[BlackElo "2429"]
[Annotator ""]
[PlyCount "117"]
[EventDate "2016.??.??"]
[EventCountry "AZE"]
[SourceTitle "playchess.com"]
[Source "ChessBase"]
[WhiteTeam "Azerbaijan"]
[BlackTeam "Poland"]
[WhiteTeamCountry "AZE"]
[BlackTeamCountry "POL"]
[TimeControl "40/5400+30:1800+30"]

1. e4 {(00:00)} c5 {(00:00)} 2. Nf3 {(00:00)} d6 {(
00:00)} 3. d4 {(00:00)} cxd4 {(00:00)} 4. Nxd4 {(00:00)}
Nf6 {(00:01)} 5. Nc3 {(00:00)} Nc6 {(00:08)} 6. f3 {
(00:35)} e5 {(00:20)} 7. Nb3 {(00:08)} Be7 {(00:17]
} 8. Be3 {(00:13)} O-O {(00:17)} 9. Qd2 {(00:34)} a5 {
(00:19)} 10. Bb5 {(00:24)} Be6 {(00:36)} 11. Rd1 {(
07:20)} Na7 {(00:26)} 12. Be2 {(01:34)} Nc8 {(00:43)} 13.
Qc1 {(00:30)} Nd7 {(00:25)} 14. a4 {(15:16)} Ncb6 {
(00:16)} 15. O-O {(03:42)} Rc8 {(00:36)} 16. Qd2 {(
08:25)} Nc4 {(08:27)} 17. Bxc4 {(00:31)} Bxc4 {(00:09)}
18. Rfe1 {(06:22)} Qc7 {(04:47)} 19. Qf2 {(07:51)} f5 {
(19:56)} 20. exf5 {(03:59)} Rxf5 {(01:01)} 21. Nd2 {
(02:32)} Be6 {(01:21)} 22. Nde4 {(00:36)} Nf6 {(14:
41)} 23. Nxd6 {(11:11)} Ng4 {(23:04)} 24. Qd2 {(03:25)}
Nxe3 {(00:29)} 25. Nxc8 {(05:37)} Nxd1 {(06:18)} 26. Nxe7+
{(00:05)} Qxe7 {(00:06)} 27. Rxd1 {(00:13)} Rf8 {(
00:28)} 28. Qd6 {(02:08)} Qxd6 {(03:09)} 29. Rxd6 {(00:04]
} Bf5 {(00:07)} 30. Rd5 {(05:51)} Bxc2 {(04:35)} 31. Rxa5
{(00:07)} Rf4 {(02:31)} 32. Rxe5 {(09:50)} Bxa4 {(
00:26)} 33. Nxa4 {(02:46)} Rxa4 {(00:07)} 34. Rb5 {(00:00]
} Ra7 {(00:30)} 35. f4 {(00:56)} Kf7 {(00:33)} 36. g4 {
(01:31)} Ke6 {(02:16)} 37. Kf2 {(02:37)} Kd6 {(00:
48)} 38. Kg3 {(01:10)} Kc6 {(00:37)} 39. Rh5 {(00:07)} h6
{(01:14)} 40. Re5 {(00:00)} Kd6 {(00:00)} 41. Re2 {
(01:40)} b5 {(16:00)} 42. f5 {(04:09)} Kd5 {(03:20]
} 43. h4 {(01:53)} Rc7 {(04:04)} 44. g5 {(04:37)} h5 {
(02:12)} 45. g6 {(02:22)} Rc4 {(09:52)} 46. Re7 {(
01:27)} Rb4 {(00:27)} 47. Rxg7 {(01:09)} Ke5 {(00:09)} 48.
Rf7 {(00:45)} Rb3+ {(00:05)} 49. Kf2 {(00:03)} Rxb2+ {
(00:08)} 50. Ke3 {(00:00)} Rg2 {(00:57)} 51. Kd3 {(
01:18)} b4 {(04:20)} 52. Kc4 {(01:27)} Rg4+ {(00:05)} 53.
Kb3 {(00:10)} Rxh4 {(01:08)} 54. g7 {(00:41)} Rg4 {
(00:07)} 55. f6 {(00:12)} h4 {(00:46)} 56. Rf8 {(
00:09)} Ke6 {(00:11)} 57. g8=Q+ {(00:43)} Rxg8 {(00:04)}
58. Rxg8 {(00:03)} Kxf6 {(00:07)} 59. Rg4 {(00:05)} 1-0

[Event "42nd Olympiad Baku 2016 Women"]
[Site "Baku"]
[Date "2016.09.04"]
[Round "3.15"]
[White "Markantonaki, Haritomeni"]
[Black "Klinova, Masha"]
[Result "1/2-1/2"]
[ECO "C78"]
[WhiteElo "2188"]
[BlackElo "2290"]
[Annotator ""]
[PlyCount "191"]
[EventDate "2016.??.??"]
[EventCountry "AZE"]
[SourceTitle "playchess.com"]
[Source "ChessBase"]
[WhiteTeam "Greece"]
[BlackTeam "Israel"]
[WhiteTeamCountry "GRE"]
[BlackTeamCountry "ISR"]
[TimeControl "40/5400+30:1800+30"]

1. e4 {(00:00)} e5 {(00:00)} 2. Nf3 {(00:00)} Nc6 {
(00:00)} 3. Bb5 {(00:00)} a6 {(00:00)} 4. Ba4 {(00:
04)} Nf6 {(00:21)} 5. O-O {(00:24)} b5 {(00:48)} 6. Bb3 {
(00:12)} Bc5 {(00:24)} 7. c3 {(01:25)} d6 {(00:38)}
8. d4 {(00:28)} Bb6 {(02:23)} 9. a4 {(03:44)} Rb8 {
(06:24)} 10. h3 {(04:49)} O-O {(02:24)} 11. Re1 {(
01:30)} h6 {(02:38)} 12. Na3 {(06:24)} Bd7 {(12:37)} 13.
axb5 {(10:36)} axb5 {(00:11)} 14. Nxb5 {(00:24)} Re8 {
(15:00)} 15. Bc2 {(10:19)} exd4 {(12:41)} 16. Nbxd4 {
(01:45)} Ne5 {(00:25)} 17. Nh4 {(13:08)} d5 {(10:
33)} 18. exd5 {(02:57)} Nxd5 {(00:34)} 19. Ndf5 {(06:05)}
Nf6 {(06:13)} 20. Bf4 {(03:52)} Bxf5 {(08:13)} 21. Nxf5 {
(01:38)} Ng6 {(01:00)} 22. Bg3 {(05:43)} Rxe1+ {(
02:24)} 23. Qxe1 {(01:54)} Nh5 {(00:07)} 24. Bh2 {(03:25)}
Qg5 {(02:39)} 25. Qe4 {(09:46)} Nf6 {(04:01)} 26. Qd3 {
(01:26)} Re8 {(02:03)} 27. Rd1 {(04:14)} Ne4 {(02:
01)} 28. Nd4 {(01:42)} Nh4 {(03:12)} 29. Bg3 {(00:43)} g6
{(01:19)} 30. Bxh4 {(01:23)} Qxh4 {(00:06)} 31. Qf3 {
(00:21)} Nd6 {(00:55)} 32. Bb3 {(01:19)} Kg7 {(01:
24)} 33. Kh2 {(01:37)} Qe7 {(01:04)} 34. Ba4 {(02:06)}
Qe5+ {(01:12)} 35. g3 {(00:43)} Rf8 {(00:21)} 36. Bc6 {
(00:37)} h5 {(00:53)} 37. Kg2 {(00:23)} Ne8 {(00:
31)} 38. Rd2 {(00:45)} Nf6 {(00:29)} 39. Re2 {(00:21)} Qd6
{(00:25)} 40. Nb5 {(00:00)} Qd1 {(00:00)} 41. Re7 {
(08:04)} Qxf3+ {(09:53)} 42. Kxf3 {(00:01)} Rd8 {(
00:47)} 43. Ke2 {(04:13)} Kf8 {(01:58)} 44. Re5 {(00:10)}
Ng8 {(00:46)} 45. Na3 {(12:44)} Ne7 {(05:33)} 46. Bg2 {
(00:54)} f6 {(02:53)} 47. Re4 {(01:07)} Kf7 {(01:
30)} 48. Ra4 {(02:19)} Nf5 {(02:59)} 49. Nc4 {(00:32)} Bc5
{(01:34)} 50. b4 {(00:38)} Bf8 {(00:45)} 51. Ra7 {(
00:32)} Rd7 {(00:23)} 52. Na3 {(03:04)} Bd6 {(04:28)} 53.
Nb5 {(00:27)} Be5 {(01:21)} 54. Bc6 {(00:54)} Re7 {
(00:18)} 55. Kd3 {(00:07)} g5 {(00:25)} 56. c4 {(
00:47)} h4 {(02:06)} 57. g4 {(00:16)} Ng7 {(00:24)} 58.
Bd5+ {(01:24)} Kg6 {(00:16)} 59. c5 {(00:56)} f5 {(
00:25)} 60. Ra6+ {(00:52)} Bf6 {(00:31)} 61. gxf5+ {(00:
46)} Kxf5 {(00:19)} 62. Nd4+ {(00:23)} Bxd4 {(01:25)} 63.
Kxd4 {(00:01)} g4 {(00:05)} 64. hxg4+ {(00:59)} Kxg4 {
(00:04)} 65. b5 {(00:54)} Nf5+ {(01:43)} 66. Kc4 {(
00:22)} Re1 {(00:54)} 67. Rg6+ {(01:08)} Kf4 {(00:07)} 68.
b6 {(00:26)} cxb6 {(00:48)} 69. cxb6 {(00:31)} Rc1+ {
(00:40)} 70. Kb5 {(00:39)} Ne7 {(00:27)} 71. Rf6+ {
(00:23)} Kg5 {(00:34)} 72. Rd6 {(00:20)} h3 {(00:
18)} 73. b7 {(00:28)} Rb1+ {(00:10)} 74. Ka6 {(00:15)}
Nxd5 {(00:52)} 75. Rxd5+ {(00:02)} Kg4 {(00:07)} 76. Rd4+
{(01:25)} Kf3 {(00:34)} 77. Rh4 {(00:35)} Kg2 {(00:
05)} 78. f4 {(00:33)} h2 {(00:06)} 79. f5 {(00:33)} Ra1+ {
(00:23)} 80. Kb6 {(00:06)} Rb1+ {(00:04)} 81. Ka7 {
(00:17)} Ra1+ {(00:05)} 82. Kb6 {(00:12)} Rb1+ {(
00:04)} 83. Ka7 {(00:05)} Ra1+ {(00:04)} 84. Kb8 {(00:01)}
Rf1 {(01:12)} 85. Kc7 {(00:45)} Rc1+ {(00:05)} 86. Kd8 {
(01:26)} Rb1 {(00:06)} 87. Kc8 {(00:18)} Rc1+ {(00:
04)} 88. Kd7 {(00:26)} Rb1 {(00:06)} 89. Kc6 {(00:16)}
Rc1+ {(00:37)} 90. Kd5 {(01:08)} Rb1 {(00:07)} 91. Kc6 {
(00:58)} Rc1+ {(00:13)} 92. Kd6 {(00:11)} Rb1 {(00:
04)} 93. Kc7 {(00:16)} Rc1+ {(00:06)} 94. Kb8 {(00:10)}
Rf1 {(00:37)} 95. Rh5 {(00:21)} Rxf5 {(01:29)} 96. Rxh2+ {
(01:30] Re5} 1/2-1/2

[Event "42nd Olympiad Baku 2016 Women"]
[Site "Baku"]
[Date "2016.09.04"]
[Round "3.14"]
[White "Maslikova, Veronika"]
[Black "Chelushkina, Irina"]
[Result "0-1"]
[ECO "B83"]
[WhiteElo "2247"]
[BlackElo "2221"]
[Annotator ""]
[PlyCount "132"]
[EventDate "2016.??.??"]
[EventCountry "AZE"]
[SourceTitle "playchess.com"]
[Source "ChessBase"]
[WhiteTeam "Slovakia"]
[BlackTeam "Serbia"]
[WhiteTeamCountry "SVK"]
[BlackTeamCountry "SRB"]
[TimeControl "40/5400+30:1800+30"]

1. e4 {(00:00)} c5 {(00:00)} 2. Nf3 {(00:00)} e6 {(
00:00)} 3. d4 {(00:05)} cxd4 {(00:03)} 4. Nxd4 {(00:05)}
Nf6 {(00:06)} 5. Nc3 {(00:56)} d6 {(00:11)} 6. Be2 {
(04:42)} Be7 {(00:07)} 7. O-O {(00:48)} O-O {(00:
06)} 8. Be3 {(01:54)} Nc6 {(00:11)} 9. Nb3 {(04:02)} a5 {
(03:15)} 10. a4 {(11:12)} e5 {(08:38)} 11. Kh1 {(
16:59)} Nb4 {(11:46)} 12. Bf3 {(25:06)} Be6 {(01:19)} 13.
Qd2 {(03:28)} Qc7 {(14:49)} 14. Rac1 {(00:44)} Qc6 {
(00:23)} 15. Rfd1 {(02:22)} Bc4 {(12:44)} 16. h3 h6 {
(00:28)} 17. g4 {(04:36)} b6 {(09:07)} 18. g5 {(01:
48)} hxg5 {(00:48)} 19. Bxg5 {(00:03)} Qd7 {(04:43)} 20.
Kh2 {(00:21)} Nh7 {(02:53)} 21. Bxe7 {(02:07)} Qxe7 {
(00:04)} 22. Rg1 {(01:11)} Qf6 {(05:24)} 23. Rg3 {(
01:01)} Kh8 {(01:02)} 24. Rcg1 {(00:13)} g6 {(04:18)} 25.
Nd5 {(01:49)} Nxd5 {(01:47)} 26. exd5 {(00:04)} Bxb3 {
(01:03)} 27. cxb3 {(00:03)} Rac8 {(00:36)} 28. Be4 {
(00:15)} Qf4 {(01:25)} 29. Qxf4 {(02:53)} exf4 {(
00:02)} 30. Rc3 {(00:13)} Nf6 {(02:36)} 31. Bf3 {(01:03)}
Rc5 {(00:19)} 32. Rc4 {(01:42)} Rxc4 {(03:08)} 33. bxc4 {
(00:03)} Nd7 {(00:25)} 34. b3 {(03:01)} Nc5 {(01:
07)} 35. Rb1 {(00:45)} Nd3 {(01:53)} 36. Rd1 {(02:45)} Ne5
{(00:05)} 37. Be2 {(00:40)} Re8 {(04:20)} 38. Kg2 {
(01:05)} Kg7 {(00:09)} 39. Bf1 {(04:09)} Nd7 {(01:
12)} 40. b4 {(00:00)} axb4 {(00:00)} 41. Rb1 {(01:11)} Re4
{(06:21)} 42. Rxb4 {(01:24)} Re1 {(05:33)} 43. Bd3 {
(13:49)} Ra1 {(00:15)} 44. Bc2 {(00:59)} Rc1 {(07:
56)} 45. Bb1 {(03:59)} Kf6 {(01:56)} 46. c5 {(04:53)} dxc5
{(00:23)} 47. Rxf4+ {(00:54)} Ke7 {(00:44)} 48. Ba2 {
(01:20)} f5 {(07:31)} 49. Rh4 {(01:09)} Rc2 {(00:
46)} 50. Bc4 {(02:43)} Nf6 {(02:37)} 51. Bb5 {(02:45)} g5
{(01:35)} 52. Rh8 {(00:29)} Nxd5 {(00:06)} 53. Re8+ {
(01:02)} Kf7 {(02:28)} 54. h4 {(02:27)} gxh4 {(03:
21)} 55. Rh8 {(01:22)} Nf4+ {(00:52)} 56. Kf3 {(00:35)}
Ng6 {(00:20)} 57. Rh7+ {(00:54)} Kf6 {(00:07)} 58. Rb7 {
(00:31)} Rc3+ {(00:32)} 59. Kg2 {(00:10)} h3+ {(01:
15)} 60. Kh2 {(00:05)} Ne5 {(00:12)} 61. Rxb6+ {(00:45)}
Kg5 {(00:01)} 62. Be2 {(01:45)} Rc2 {(00:28)} 63. Bf1 {
(00:29)} Rxf2+ {(00:08)} 64. Kg1 {(00:18)} h2+ {(
00:26)} 65. Kh1 {(00:09)} Rxf1+ {(00:29)} 66. Kxh2 {(00:
02)} c4 {(00:42)} 0-1

[Event "42nd Olympiad Baku 2016 Women"]
[Site "Baku"]
[Date "2016.09.04"]
[Round "3.23"]
[White "Matnadze, Ana"]
[Black "Vangsgaard, Freja"]
[Result "1-0"]
[ECO "E17"]
[WhiteElo "2383"]
[BlackElo "1983"]
[Annotator ""]
[PlyCount "47"]
[EventDate "2016.??.??"]
[EventCountry "AZE"]
[SourceTitle "playchess.com"]
[Source "ChessBase"]
[WhiteTeam "Spain"]
[BlackTeam "Denmark"]
[WhiteTeamCountry "ESP"]
[BlackTeamCountry "DEN"]
[TimeControl "40/5400+30:1800+30"]

1. d4 {(00:00)} Nf6 {(00:00)} 2. c4 {(00:00)} e6 {(
00:00)} 3. Nf3 {(00:00)} b6 {(00:04)} 4. g3 {(00:00)} Bb7
{(00:12)} 5. Bg2 {(00:03)} Be7 {(00:30)} 6. O-O {(
00:07)} O-O {(00:14)} 7. d5 {(00:10)} exd5 {(00:39)} 8.
Nh4 {(00:08)} c6 {(00:22)} 9. cxd5 {(00:19)} Nxd5 {
(00:28)} 10. Nf5 {(02:56)} Nc7 {(00:39)} 11. e4 {(
01:52)} d5 {(00:34)} 12. Nc3 {(06:43)} Bf6 {(02:03)} 13.
Bf4 {(02:56)} d4 {(28:29)} 14. e5 {(04:41)} dxc3 {(
04:56)} 15. exf6 {(00:36)} Qxf6 {(06:01)} 16. Qh5 {(11:44]
} Kh8 {(28:52)} 17. Bxc7 {(02:18)} Na6 {(06:05)} 18. Bd6 {
(10:47)} Rfe8 {(01:12)} 19. g4 {(22:42)} cxb2 {(03:
50)} 20. Rab1 {(00:15)} Re6 {(04:59)} 21. Ba3 {(01:03)}
Re2 {(08:07)} 22. g5 {(06:35)} Qe6 {(01:08)} 23. Nd4 {
(02:21)} g6 {(01:20)} 24. Qxe2 {(00:13)} 1-0